 Dungeon Crawl Stone Soup version 0.21.1-1-g345015fe64 (webtiles) character file.

302 Morbidden the Chopper (level 6, -1/47 HPs)
             Began as a Demonspawn Fighter on June 12, 2018.
             Slain by an orc wizard
             ... wielding a +0 dagger of venom
              (2 damage)
             ... on level 4 of the Dungeon.
             The game lasted 00:09:05 (2806 turns).

Morbidden the Chopper (Demonspawn Fighter)          Turns: 2806, Time: 00:09:06

Health: -1/47      AC: 13    Str: 18    XL:     6   Next: 14%
Magic:  6/6        EV:  2    Int: 10    God:
Gold:   246        SH:  8    Dex: 12    Spells: 5/5 levels left

rFire    . . .     SeeInvis .   a - +0 war axe
rCold    . . .     Gourm    .   c - +0 shield
rNeg     . . .     Faith    .   g - +0 plate armour
rPois    .         Spirit   .   (no helmet)
rElec    .         Reflect  .   (no cloak)
rCorr    .         Harm     .   (no gloves)
MR       .....                  (no boots)
Stlth    ..........             (no amulet)
HPRegen  0.15/turn              (no ring)
MPRegen  0.10/turn              (no ring)

@: lethally poisoned (-1 -> -24)
A: iridescent scales 1, powered by pain 1
a: no special abilities


You were on level 4 of the Dungeon.
You were hungry.

You visited 1 branch of the dungeon, and saw 4 of its levels.

You collected 246 gold pieces.

Inventory:

Hand Weapons
 a - a +0 war axe (weapon)
 e - a +1 hunting sling of flaming
Missiles
 h - 57 sling bullets
Armour
 c - a +0 shield (worn)
 g - a +0 plate armour (worn)
Wands
 d - a wand of iceblast (8)
 l - a wand of acid (5)
Scrolls
 b - 2 scrolls of remove curse
 i - a scroll of teleportation {unknown}
 o - a scroll of identify {unknown}
 p - a scroll of fog {unknown}
 q - a scroll of fear {unknown}
 r - a scroll of random uselessness {unknown}
Potions
 n - a potion of berserk rage {unknown}
Comestibles
 f - 6 rations
 s - a chunk of flesh


   Skills:
 - Level 3.0 Fighting
 + Level 6.0 Axes
 - Level 2.6 Armour
 - Level 2.6 Shields


You had 5 spell levels left.
You didn't know any spells.

Dungeon Overview and Level Annotations

Branches:
Dungeon (4/15)
 Temple: D:4-7

Altars:


Innate Abilities, Weirdness & Mutations

You are partially covered in iridescent scales. (AC +2)
You sometimes gain a little power by taking damage.


Message History

You feel sick.
The orc wizard hits you but does no damage.
You are more poisoned.
Unknown command.
Unknown command.
Unknown command.
Unknown command.
It was a potion of cancellation.
Your magical effects are unravelling.
You feel magically purged.
You feel less confused.
You feel a little less agile now.
* * * LOW HITPOINT WARNING * * *
You feel sick.
The orc wizard hits you but does no damage.
You are more poisoned.
It was a potion of magic.
Magic courses through your body.
* * * LOW HITPOINT WARNING * * *
You feel sick.
The orc wizard hits you with a dagger of venom.
You die...

+......'...................+
#......####)##.####.#......#
#......# #o##.##...........
#......# #.##.##.#.#.##...#
###+##..o...#
#.##.##.#........'
#...........#
#o##.##.###.#....#
#.......##### #o##.##.#
#<#....# #.....###
#o##.##.#####.#..# #....##
#@##.##.......#... #..(##
#.##.##########... #..[#
###.##.#.......##... o...#
........#####.##... #...#
#..........(...... #...#
#........)##.###.# #####
#.........##.# #.#
#.........##.# #.#
#....''#+###.###..


You could see an orc priest, 2 orc wizards and an orc.

Vanquished Creatures
  Blork the orc (D:4)
  Ijyb (D:4)
  2 orc wizards
  A gnoll (D:1)
  6 adders
  An ooze (D:3)
  2 adder skeletons
  2 adder zombies (D:3)
  4 dart slugs
  2 leopard geckos
  5 orcs
  6 bats
  A giant cockroach (D:1)
  6 goblins
  12 hobgoblins
  4 jackals (D:2)
  6 kobolds
  A quokka (D:3)
  8 frilled lizards
  A giant cockroach zombie (D:3)
  A jackal skeleton (D:3)
  A jackal zombie (D:3)
  2 leopard gecko zombies (D:3)
  4 rats
80 creatures vanquished.

Notes
Turn   | Place    | Note
-------+----------+-------------------------------------------
     0 | D:1      | Morbidden the Demonspawn Fighter began the quest for the Orb.
     0 | D:1      | Reached XP level 1. HP: 18/18 MP: 1/1
    21 | D:1      | Reached skill level 2 in Axes
    73 | D:1      | Gained mutation: You are partially covered in iridescent scales. (AC +2) [demonic ancestry]
    73 | D:1      | Reached XP level 2. HP: 24/24 MP: 2/2
   189 | D:1      | Reached skill level 3 in Axes
   423 | D:1      | Reached XP level 3. HP: 29/29 MP: 3/3
  1104 | D:2      | Gained mutation: You sometimes gain a little power by taking damage. [demonic ancestry]
  1104 | D:2      | Reached XP level 4. HP: 32/35 MP: 4/4
  1114 | D:2      | Reached skill level 4 in Axes
  1921 | D:3      | Reached XP level 5. HP: 38/41 MP: 5/5
  2109 | D:4      | Noticed Blork the orc
  2125 | D:4      | Killed Blork the orc
  2125 | D:4      | Reached skill level 5 in Axes
  2125 | D:4      | HP: 2/41 [poisoned by an orc]
  2599 | D:4      | Reached XP level 6. HP: 47/47 MP: 6/6
  2601 | D:4      | Noticed Ijyb
  2616 | D:4      | Killed Ijyb
  2722 | D:4      | Reached skill level 6 in Axes
  2806 | D:4      | HP: 1/47 [poisoned by an orc wizard]
  2806 | D:4      | Slain by an orc wizard

Skill      XL: |  1  2  3  4  5  6 |
---------------+-------------------+-----
Axes           | 2 3 4 5 6 |  6.0
Fighting       | |  3.0
Armour         | |  2.6
Shields        | |  2.6

Action                   |  1- 3 |  4- 6 || total
-------------------------+-------+-------++-------
Melee: War axe           |   104 |   155 ||   259
 Fire: Hunting sling     |       |    15 ||    15
Evoke: Wand              |       |     5 ||     5
  Use: Potion            |       |     6 ||     6
       Scroll            |       |     1 ||     1
  Eat: Chunk             |       |     6 ||     6
Armor: Scale mail        |     2 |       ||     2
       Plate armour      |    86 |   187 ||   273
Dodge: Dodged            |    24 |    27 ||    51
Block: Shield            |    46 |   104 ||   150
